 Dungeon Crawl Stone Soup version 0.31-a0-1098-g6898e6545c (webtiles) character file.

Game seed: 4040480362993492035

1582 kiugh the Protected (level 8, 0/70 HPs)
             Began as a Minotaur Fighter on Nov 30, 2023.
             Was an Initiate of Trog.
             Succumbed to Duvessa's poison
             ... on level 7 of the Dungeon.
             The game lasted 00:39:12 (5287 turns).

kiugh the Protected (Minotaur Fighter)              Turns: 5287, Time: 00:39:12

Health: 0/70       AC: 10    Str: 29    XL:     8   Next: 60%
Magic:  7/7        EV: 10    Int:  5    God:    Trog [......]
Gold:   401        SH:  4    Dex: 10    Spells: 7/7 levels left

rFire   + . .        a - +0 war axe
rCold   . . .        c - +0 buckler
rNeg    . . .        B - +0 scale mail {rF+}
rPois   .            (helmet restricted)
rElec   .            (no cloak)
rCorr   .            w - +1 pair of gloves
SInv    +            (no boots)
Will    .....        (no amulet) Stlth
                     f - +6 ring of strength
HPRegen 0.31/turn    C - ring of see invisible
MPRegen 0.10/turn

%: no passive effects
@: lethally poisoned (0 -> -23)
A: horns 2, retaliatory headbutt
a: Renounce Religion


You were on level 7 of the Dungeon.
You worshipped Trog.
Trog was noncommittal.
You visited 2 branches of the dungeon, and saw 8 of its levels.

You collected 401 gold pieces.

Inventory:

Hand Weapons
 a - a +0 war axe (weapon)
 h - a +2 dagger of protection
Missiles
 e - 82 stones
 r - 6 javelins (quivered)
Armour
 c - a +0 buckler (worn)
 w - a +1 pair of gloves (worn)
 B - a +0 scale mail of fire resistance (worn)
Magical Staves
 n - a staff of poison
Jewellery
 f - a +6 ring of strength (left hand)
 j - a ring of wizardry
 p - a ring of magical power
 u - a ring of fire
 C - a ring of see invisible (right hand)
Wands
 b - a wand of iceblast (9)
 i - a wand of charming (7)
 t - a wand of light (6)
Scrolls
 l - a scroll of immolation
 y - a scroll of amnesia
 z - 5 scrolls of teleportation {unknown}
 A - a scroll of identify
 D - a scroll of revelation {unknown}
 E - a scroll of blinking {unknown}
Potions
 d - 2 potions of might
 g - a potion of haste {unknown}
 k - 2 potions of resistance {unknown}
 o - a potion of mutation
 s - 2 potions of curing
 v - 3 potions of cancellation
 x - 2 potions of magic


   Skills:
 + Level 6.2 Fighting
 + Level 8.1 Axes
 * Level 2.0 Throwing
 + Level 8.1 Armour
 + Level 4.4 Shields
 + Level 2.7 Evocations


You had 7 spell levels left.
You didn't know any spells.
Your spell library contained the following spells:

 Spells                   Type           Power      Damage    Failure   Level
 Apportation              Tloc           0%         N/A       75%         1
 Magic Dart               Conj           0%         1d3       75%         1
 Summon Small Mammal      Summ           0%         N/A       75%         1
 Jinxbite                 Hex            0%         N/A       87%         2
 Searing Ray              Conj           0%         2d4       87%         2
 Call Canine Familiar     Summ           0%         N/A       98%         3
 Inner Flame              Hex/Fire       0%         N/A       98%         3
 Summon Guardian Golem    Hex/Summ       0%         N/A       98%         3
 Tukima's Dance           Hex            0%         N/A       98%         3
 Flame Wave               Conj/Fire      0%         2d4       100%        4
 Fulminant Prism          Conj/Hex       0%         3d5       100%        4
 Passage of Golubria      Tloc           0%         N/A       100%        4
 Sticky Flame             Conj/Fire      0%         2d3       100%        4
 Alistair's Intoxication  Tmut/Pois      0%         N/A       100%        5
 Yara's Violent Unravell  Hex/Tmut       0%         3d3       100%        5
 Conjure Ball Lightning   Conj/Air       0%         3x3d6     100%        6
 Discord                  Hex            0%         N/A       100%        8
 Disjunction              Tloc           0%         N/A       100%        8


Dungeon Overview and Level Annotations

Branches:
Dungeon (7/15)             Temple (1/1) D:7

Altars:
Ashenzari
Cheibriados
Dithmenos
Elyvilon
Fedhas
Gozag
Hepliaklqana
Kikubaaqudgha
Makhleb
Nemelex Xobeh
Qazlal
Ru
Sif Muna
Trog
Uskayaw
Vehumet
Wu Jian
Xom
Yredelemnul
The Shining One

Shops:
D:5 (

Annotations:
D:7 Dowan


Innate Abilities, Weirdness & Mutations

You have a pair of horns on your head.
You reflexively headbutt those who attack you in melee.


Message History

You are more poisoned.
You slash Duvessa!
Duvessa is almost dead.
You feel extremely sick.
Duvessa hits you with a +0 short sword of venom.
You are more poisoned.
You closely miss Duvessa.
Duvessa is almost dead.
* * * LOW HITPOINT WARNING * * *
You feel extremely sick. Duvessa hits you but does no damage.
You are more poisoned.
Duvessa hits you with a +0 short sword of venom.
* * * LOW HITPOINT WARNING * * *
You are more poisoned.
You feel much better.
You feel extremely sick. Duvessa hits you but does no damage. x2
You are more poisoned.
You closely miss Duvessa.
Duvessa is almost dead.
* * * LOW HITPOINT WARNING * * *
You feel extremely sick.
Duvessa says, "My weaknesses are his strengths!"
Duvessa hits you with a +0 short sword of venom.
* * * LOW HITPOINT WARNING * * *
You closely miss Duvessa.
Duvessa is almost dead.
* * * LOW HITPOINT WARNING * * *
You feel extremely sick. You block Duvessa's attack.
Duvessa closely misses you. You furiously retaliate!
You headbutt Duvessa!
You kill Duvessa!
Trog accepts your kill.
Dowan seems overcome with grief.
Dowan seems to find hidden reserves of power!
Your Axes skill increases to level 8!
Your Throwing skill increases to level 2!
As you read the scroll of fog, it dissolves into smoke.
You die...

#.#.######...#.#.#####
#.#.#......#.#.#.#
#.#.#.######.....#
#.#.#.# ###.###
#.#.#.# #.# #.#.#.#
#.# #.#.#§# #.#
#.#.#§########.#
###.#.#§@§e......#
#.....##########.
#####.# ###


You could see Dowan (fast).

Vanquished Creatures
  A water moccasin (D:5)
  Duvessa (D:7)
  An ice beast (D:7)
  2 black bears
  An ogre (D:6)
  2 centaurs
  A phantom (D:7)
  2 bullfrogs
  A scorpion (D:5)
  A howler monkey (D:5)
  6 hounds
  A jelly (D:7)
  3 orc priests
  2 iguanas
  3 orc wizards
  6 adders
  A shadow imp (D:5)
  A white imp (D:6)
  3 dart slugs
  10 orcs
  5 endoplasms
  4 giant cockroaches
  5 goblins
  6 hobgoblins
  2 quokkas
  2 ball pythons (D:4)
  4 bats
  2 frilled lizards
  6 kobolds
  4 rats
89 creatures vanquished.

Notes
Turn   | Place    | Note
-------+----------+-------------------------------------------
     0 | D:1      | kiugh the Minotaur Fighter began the quest for the Orb.
     0 | D:1      | Reached XP level 1. HP: 19/19 MP: 0/0
   233 | D:1      | Reached XP level 2. HP: 27/27 MP: 1/1
   872 | D:2      | Found a blossoming altar of Fedhas.
  1318 | D:2      | Reached XP level 3. HP: 28/33 MP: 2/2
  2171 | D:3      | Found a basalt altar of Yredelemnul.
  2571 | D:4      | Noticed a black bear
  2583 | D:4      | Killed a black bear
  2584 | D:4      | Reached skill level 5 in Armour
  2584 | D:4      | Reached XP level 4. HP: 32/41 MP: 3/3
  2584 | D:4      | Reached XP level 5. HP: 37/47 MP: 4/4
  2629 | D:4      | Reached skill level 1 in Evocations
  2946 | D:4      | Reached XP level 6. HP: 53/53 MP: 5/5
  3020 | D:5      | Entered Level 5 of the Dungeon
  3343 | D:5      | Noticed a water moccasin
  3354 | D:5      | Killed a water moccasin
  3355 | D:5      | Reached skill level 5 in Fighting
  3355 | D:5      | Reached skill level 5 in Axes
  3395 | D:5      | Reached XP level 7. HP: 53/61 MP: 6/6
  3402 | D:5      | Found Renkavo's Antique Weapon Boutique.
  4195 | D:6      | Reached XP level 8. HP: 66/70 MP: 7/7
  4559 | D:6      | Reached skill level 1 in Throwing
  5039 | D:7      | Found a staircase to the Ecumenical Temple.
  5046 | Temple   | Found a transporter.
  5046 | Temple   | Found a transporter.
  5046 | Temple   | Found a transporter.
  5046 | Temple   | Found a transporter.
  5046 | Temple   | Entered the Ecumenical Temple
  5142 | Temple   | Became a worshipper of Elyvilon the Healer
  5145 | Temple   | Fell from the grace of Elyvilon
  5145 | Temple   | Became a worshipper of Trog the Wrathful
  5273 | D:7      | Noticed Duvessa
  5273 | D:7      | Noticed Dowan
  5286 | D:7      | Killed Duvessa
  5287 | D:7      | Succumbed to Duvessa's poison

Illustrated notes

Levels and vault maps discovered:
D:1:      dpeg_arrival_lava_temple_mockup, layout_basic
D:2:      layout_loops_cross, basic_altar
D:3:      layout_loops_cross, mainiacjoe_overflow_paths, minmay_cut_off
D:4:      layout_basic
D:5:      nicolae_BIG_FREAKIN_CUBE, layout_cave_pools, serial_shops,
          nicolae_shop_tiny_statue_garden
D:6:      layout_loops_corners, skrybe_limestone_x
D:7:      minmay_the_grid_triangle_9x9_recursive_2
          [minmay_the_grid_triangle_9x9_prize_special,
          minmay_the_grid_triangle_9x9_subtriangle,
          minmay_the_grid_triangle_9x9_descending_squares,
          minmay_the_grid_triangle_9x9_empty], layout_basic,
          minmay_temple_entry_metal_lava, uniq_duvessa
Temple:   hellmonk_temple_divided_pantheon

Skill      XL: |  1  2  3  4  5  6  7  8 |
---------------+-------------------------+-----
Fighting       | 4 5 6 |  6.2
Armour         | 4 5 6 7 8 |  8.1
Axes           | 3 4 5 6 8 |  8.1
Evocations     | 1 2 |  2.7
Shields        | 4 |  4.4
Throwing       | 2 |  2.0

Action                     |  1- 3 |  4- 6 |  7- 9 || total
---------------------------+-------+-------+-------++-------
  Melee: War axe           |    86 |    61 |    81 ||   228
         Headbutt          |     8 |     5 |    11 ||    24
  Throw: Javelin           |       |       |     2 ||     2
    Use: Scroll            |     9 |       |     4 ||    13
         Potion            |       |       |     1 ||     1
 Armour: Scale mail        |    58 |    55 |    61 ||   174
  Dodge: Dodged            |    37 |    19 |    45 ||   101
  Block: Buckler           |    15 |    12 |    13 ||    40

Table legend: (Time is in decaauts)
 A = Elapsed time spent in this place.
 B = Non-inter-level travel time spent in this place.
 C = Inter-level travel time spent in this place.
 D = Time resting spent in this place.
 E = Time spent auto-exploring this place.
 F = Levels seen in this place.
 G = Mean time per level.
                   A        B        C        D        E       F      G
               +--------+--------+--------+--------+--------+-----+--------+
         Total |   5351 |   1803 |   3548 |      0 |   1018 |   8 |  668.9 |
       Dungeon |   5237 |   1794 |   3443 |      0 |   1018 |   7 |  748.1 |
        Temple |    114 |      9 |    105 |      0 |      0 |   1 |  114.0 |
               +--------+--------+--------+--------+--------+-----+--------+

Top non-repeatable levels by time:
     D:6: 924 daAuts
     D:3: 871 daAuts
     D:4: 798 daAuts
     D:1: 791 daAuts
     D:2: 780 daAuts
     D:5: 633 daAuts
     D:7: 437 daAuts
  Temple: 114 daAuts
